 Dungeon Crawl Stone Soup version 0.30-a0-777-ga9a30cbeda (webtiles) character file.

Game seed: 8085941382739407938

557 jimonade the Cudgeller (level 7, 0/71 HPs)
             Began as an Ogre Gladiator on Feb 13, 2023.
             Slain by an orc
             ... wielding a +0 trident
              (3 damage)
             ... on level 5 of the Dungeon.
             The game lasted 00:07:33 (4962 turns).

jimonade the Cudgeller (Ogre Gladiator)             Turns: 4962, Time: 00:07:33

Health: 0/71       AC:  3    Str: 19    XL:     7   Next: 30%
Magic:  7/7        EV: 10    Int: 11    God:
Gold:   161        SH:  0    Dex: 10    Spells: 6/6 levels left

rFire   . . .      SeeInvis .    a - +0 morningstar
rCold   + . .      Faith    .    (no shield)
rNeg    . . .      Spirit   .    b - +0 robe
rPois   .          Reflect  .    c - +0 hat
rElec   .          Harm     .    (no cloak)
rCorr   .          Rampage  .    (gloves unavailable)
Will    .....                    (boots unavailable)
Stlth   +                        (no amulet)
HPRegen 0.31/turn                q - ring of protection from cold
MPRegen 0.10/turn                r - ring of flight

@: flying
A: large, unfitting armour, tough skin 1
a: no special abilities


You were on level 5 of the Dungeon.
You visited 2 branches of the dungeon, and saw 6 of its levels.

You collected 161 gold pieces.

Inventory:

Hand Weapons
 a - a +0 morningstar (weapon)
 j - a +5 short sword
 w - a +0 sling
 C - a +0 flail
 L - a +0 giant club
Missiles
 d - 2 throwing nets (quivered)
 e - 5 large rocks
 n - 4 atropa-tipped darts
 o - 38 stones
 x - a boomerang
 y - 2 curare-tipped darts
 D - 6 poisoned darts
 F - 2 silver javelins
Armour
 b - a +0 robe (worn)
 c - a +0 hat (worn)
Magical Staves
 t - a staff of air
Jewellery
 q - a ring of protection from cold (left hand)
 r - a ring of flight (right hand)
 I - a +6 ring of intelligence
 K - a ring of magical power
Wands
 u - a wand of light (4)
 H - a wand of roots (7)
Scrolls
 f - a scroll of identify {unknown}
 g - 7 scrolls of teleportation {unknown}
 h - a scroll of enchant armour {unknown}
 i - 2 scrolls of vulnerability {unknown}
 l - a scroll of immolation {unknown}
 p - a scroll of butterflies {unknown}
 G - a scroll of noise {unknown}
 J - a scroll of enchant weapon {unknown}
 N - a scroll of fear {unknown}
Potions
 k - 2 potions of berserk rage {unknown}
 m - a potion of mutation {unknown}
 s - a potion of heal wounds {unknown}
 v - 3 potions of degeneration {unknown}
 z - 4 potions of haste {unknown}
 A - 2 potions of curing {unknown}
 B - 2 potions of brilliance {unknown}
 E - a potion of lignification {unknown}
 M - 2 potions of flight {unknown}


   Skills:
 + Level 4.4 Fighting
 * Level 6.4 Maces & Flails
 + Level 2.0 Throwing
 + Level 3.7 Dodging


You had 6 spell levels left.
You didn't know any spells.
Your spell library contained the following spells:

 Spells                   Type           Power      Damage    Failure   Level
 Ensorcelled Hibernation  Hex/Ice        0%         N/A       47%         2
 Spider Form              Tmut/Pois      0%         N/A       71%         3
 Summon Guardian Golem    Hex/Summ       0%         N/A       71%         3
 Anguish                  Hex/Necr       0%         N/A       98%         4
 Orb of Destruction       Conj           0%         9d5       100%        7
 Spellforged Servitor     Conj/Summ      0%         N/A       100%        7


Dungeon Overview and Level Annotations

Branches:
Dungeon (5/15)             Temple (1/1) D:5

Altars:
Ashenzari
Cheibriados
Elyvilon
Hepliaklqana
Kikubaaqudgha
Makhleb
Nemelex Xobeh
Qazlal
Ru
Sif Muna
Uskayaw
Vehumet
Xom
Yredelemnul
Zin
The Shining One

Shops:
D:2 :

Annotations:
D:3 exclusion: statue
D:4 1 runed translucent door, holysushi's ghost, amateur VSMo


Innate Abilities, Weirdness & Mutations

You are too large for most types of armour.
You have tough skin. (AC +1)


Message History

You kill the orc!
You feel sick.
The orc wizard hits you with a +0 dagger.
The orc misses you.
You puncture the orc wizard!
The orc wizard is severely wounded.
You feel sick. The orc wizard completely misses you.
The orc hits you from afar with a +0 trident!
You barely miss the orc wizard.
The orc wizard is severely wounded.
You feel sick.
The orc wizard hits you with a +0 dagger.
The orc hits you from afar with a +0 trident!
You closely miss the orc wizard.
The orc wizard is severely wounded.
You feel sick. The orc wizard closely misses you.
The orc hits you with a +0 dagger.
The orc hits you from afar with a +0 trident.
* * * LOW HITPOINT WARNING * * *
The orc wizard hits you with a +0 dagger.
* * * LOW HITPOINT WARNING * * *
The orc closely misses you. The orc hits you with a +0 dagger.
* * * LOW HITPOINT WARNING * * *
You hit the orc wizard.
You kill the orc wizard!
You feel sick.
You are no longer poisoned.
The orc closely misses you. The orc barely misses you.
You closely miss the orc.
The orc hits you from afar with a +0 trident.
* * * LOW HITPOINT WARNING * * *
The orc misses you.
You closely miss the orc.
The orc hits you from afar with a +0 trident!
* * * LOW HITPOINT WARNING * * *
The orc hits you but does no damage.
You puncture the orc!
You kill the orc!
The orc hits you from afar with a +0 trident.
You die...

.:..........#.......#....
...§.####)#...⌠.>.⌠...#..
.## #...#.......#....
#.....#.⌠.#......
#...#............
#...##.#.#......#
#o..............#
##)......#........
.....###@)....[......#...
......#...........#####..
...............#### #..
........#.....## #..
........##....# #..
.......>###...## #..
.........##....# ##.
.......<..##...## #..
....<......#....## #..


You could see an orc.

Vanquished Creatures
  An ogre (D:4)
  2 scorpions
  A hound (D:4)
  3 iguanas
  Natasha (thrice) (D:2)
  An orc wizard (D:5)
  3 adders
  A shadow imp (D:5)
  A worm (D:3)
  23 orcs
  6 ball pythons
  6 endoplasms
  4 giant cockroaches
  3 goblins (D:2)
  10 hobgoblins
  5 jackals
  9 kobolds
  7 quokkas
  9 bats
  4 rats
102 creatures vanquished.

Notes
Turn   | Place    | Note
-------+----------+-------------------------------------------
     0 | D:1      | jimonade the Ogre Gladiator began the quest for the Orb.
     0 | D:1      | Reached XP level 1. HP: 22/22 MP: 1/1
   379 | D:1      | Reached skill level 3 in Maces & Flails
   387 | D:1      | Reached XP level 2. HP: 29/29 MP: 2/2
  1164 | D:1      | Reached XP level 3. HP: 36/36 MP: 3/3
  1662 | D:2      | Reached XP level 4. HP: 44/45 MP: 4/4
  1826 | D:2      | Noticed Natasha
  1832 | D:2      | Killed Natasha
  1833 | D:2      | Reached skill level 4 in Maces & Flails
  1876 | D:2      | Found Ihus's Book Emporium.
  1901 | D:2      | Noticed Natasha
  1906 | D:2      | Killed Natasha
  1907 | D:2      | Reached XP level 5. HP: 48/53 MP: 5/5
  2240 | D:2      | Noticed Natasha
  2252 | D:2      | Killed Natasha
  2712 | D:3      | Found a sacrificial altar of Ru.
  2854 | D:3      | Found a radiant altar of Vehumet.
  2854 | D:3      | Noticed a frost-covered statue
  2878 | D:3      | Found a broken altar of Ashenzari.
  3096 | D:3      | Reached skill level 5 in Maces & Flails
  3205 | D:3      | Reached XP level 6. HP: 51/62 MP: 6/6
  3386 | D:3      | Identified the +2 scale mail "Avvehyil" {Harm rN+}
  3525 | D:3      | Found a glowing silver altar of Zin.
  4040 | D:4      | Found a runed translucent door.
  4066 | D:4      | Noticed holysushi's ghost (amateur VSMo)
  4228 | D:4      | Reached skill level 6 in Maces & Flails
  4228 | D:4      | Reached XP level 7. HP: 70/70 MP: 7/7
  4559 | D:5      | Entered Level 5 of the Dungeon
  4699 | D:5      | Found a staircase to the Ecumenical Temple.
  4708 | Temple   | Entered the Ecumenical Temple
  4920 | D:5      | Found a burning altar of Makhleb.
  4961 | D:5      | HP: 3/71 [orc/+0 trident (9)]
  4962 | D:5      | Slain by an orc

Illustrated notes

Levels and vault maps discovered:
D:1:      minmay_arrival_up_and_down, layout_basic, minmay_heptomino_h4
D:2:      layout_basic, serial_shops, nicolae_shop_hallway_plus, uniq_natasha
D:3:      layout_loops_ring, nicolae_ashenzari_panopticon, zin_statuary,
          hangedman_ru_absence, vehumet_statue
D:4:      layout_cave_pools, ebering_ghost_reflecting_pool
D:5:      layout_layer_cave, mainiacjoe_overflow_small_starburst,
          grunt_gozag_statues, minmay_temple_entry_sparse_star, serial_shops,
          nicolae_stop_n_shop_2, minmay_small_thing
Temple:   bh_familiar_temple

Skill      XL: |  1  2  3  4  5  6 |
---------------+-------------------+-----
Maces & Flails | 3 4 5 6 |  6.4
Dodging        | 3 |  3.7
Fighting       | 3 4 |  4.4
Throwing       | |  2.0

Action                     |  1- 3 |  4- 6 |  7- 9 || total
---------------------------+-------+-------+-------++-------
  Melee: Flail             |    91 |    69 |       ||   160
         Punch             |     1 |       |       ||     1
         Morningstar       |       |   120 |    45 ||   165
  Throw: Throwing net      |       |     1 |       ||     1
   Stab: Sleeping          |     2 |     1 |       ||     3
 Armour: Robe              |    33 |    70 |    12 ||   115
  Dodge: Dodged            |    51 |   106 |    27 ||   184

Table legend: (Time is in decaauts)
 A = Elapsed time spent in this place.
 B = Non-inter-level travel time spent in this place.
 C = Inter-level travel time spent in this place.
 D = Time resting spent in this place.
 E = Time spent auto-exploring this place.
 F = Levels seen in this place.
 G = Mean time per level.
                   A        B        C        D        E       F      G
               +--------+--------+--------+--------+--------+-----+--------+
         Total |   5047 |   4603 |    444 |    484 |   3099 |   6 |  841.2 |
       Dungeon |   4857 |   4439 |    418 |    484 |   2939 |   5 |  971.4 |
        Temple |    190 |    164 |     26 |      0 |    160 |   1 |  190.0 |
               +--------+--------+--------+--------+--------+-----+--------+

Top non-repeatable levels by time:
     D:1: 1618 daAuts
     D:2: 1082 daAuts
     D:3: 1050 daAuts
     D:4: 887 daAuts
     D:5: 217 daAuts
  Temple: 190 daAuts
